 Dungeon Crawl Stone Soup version 0.31-a0-188-g5e087ee2ca (webtiles) character file.

Game seed: 2818513039996241570

25 qw the Shooter (level 2, 0/16 HPs)
             Began as a Deep Elf Hunter on June 23, 2023.
             Slain by an adder (3 damage)
             ... on level 2 of the Dungeon.
             The game lasted 00:00:19 (1014 turns).

qw the Shooter (Deep Elf Hunter)                    Turns: 1014, Time: 00:00:19

Health: 0/16       AC:  3    Str:  8    XL:     2   Next: 82%
Magic:  4/4        EV: 12    Int: 13    God:
Gold:   48         SH:  0    Dex: 18    Spells: 1/1 levels left

rFire   . . .        Y - +0 shortbow
rCold   . . .        (shield currently unavailable)
rNeg    . . .        c - +0 leather armour
rPois   .            (no helmet)
rElec   .            (no cloak)
rCorr   .            (no gloves)
SInv    .            (no boots)
Will    .....        (no amulet)
Stlth   ++           (no ring)
HPRegen 0.22/turn    (no ring)
MPRegen 0.09/turn

%: no passive effects
@: no status effects
A: no striking features
a: no special abilities


You were on level 2 of the Dungeon.
You visited 1 branch of the dungeon, and saw 2 of its levels.

You collected 48 gold pieces.


   Skills:
 - Level 1.5 Fighting
 + Level 6.5 Ranged Weapons
 - Level 2.4 Dodging
 - Level 1.2 Stealth


You had one spell level left.
You didn't know any spells.
Your spell library was empty.

Inventory:

Hand Weapons
 Y - a +0 shortbow (weapon)
Armour
 c - a +0 leather armour (worn)
Scrolls
 g - a scroll of identify
Potions
 a - a potion of brilliance {unknown}
 e - a potion of curing {unknown}
 j - a potion of might {unknown}

Dungeon Overview and Level Annotations

Branches:
Dungeon (2/15)

Altars:


Message History

You shoot an arrow. The arrow hits the giant cockroach.
The giant cockroach is heavily wounded.
You shoot an arrow. The arrow hits the giant cockroach.
You kill the giant cockroach!
You hear an angry hiss.
A worm comes into view.
You shoot an arrow. The arrow hits the adder.
The adder is moderately wounded.
You shoot an arrow. The arrow misses the adder.
The adder bites you.
You shoot an arrow. The arrow closely misses the adder.
The adder bites you. The adder misses you.
You shoot an arrow. The arrow barely misses the adder.
The adder closely misses you.
You shoot an arrow.
The arrow hits the adder but does no damage.
The adder is lightly wounded.
The adder barely misses you. x2
You shoot an arrow. The arrow barely misses the adder.
The adder bites you but does no damage. The worm bites you!
Ouch! That really hurt!
1008 ||| DRINKING potion of heal wounds.
You feel much better. The adder bites you. The worm barely misses you.
The adder barely misses you.
You shoot an arrow. The arrow misses the adder.
The adder barely misses you.
You shoot an arrow. The arrow misses the adder.
The adder closely misses you. The worm closely misses you.
The adder barely misses you.
You shoot an arrow. The arrow closely misses the adder.
The adder closely misses you. The worm bites you.
You shoot an arrow. The arrow closely misses the adder.
The adder bites you but does no damage. The adder barely misses you.
The worm bites you.
You shoot an arrow. The arrow misses the adder.
The adder bites you.
You shoot an arrow. The arrow hits the adder.
The adder is moderately wounded.
The adder closely misses you. The worm bites you. The adder bites you.
You die...

#.............(...........####
#.####..#######.............^.
#.####..## #.#.######.####.
#........# #.#%# #.## #.
#.####...######.#.# #..# ##
#.......##.#.# ####
#...###...##.#.#
.....#...#.....#..
...###...###@S.#.. ..#
..#.#...#w.#.. ###.. #.#...
##... #. #.#... ...# . ...###
### #.# #. #


You could see a worm and an adder.

Vanquished Creatures
  A worm (D:2)
  3 bats (D:1)
  4 giant cockroaches
  A goblin (D:1)
  2 hobgoblins (D:1)
  A kobold (D:1)
  2 quokkas (D:2)
  3 ball pythons
  2 frilled lizards (D:1)
  A rat (D:1)
20 creatures vanquished.

Notes
Turn   | Place    | Note
-------+----------+-------------------------------------------
     0 | D:1      | qw the Deep Elf Hunter began the quest for the Orb.
     0 | D:1      | Reached XP level 1. HP: 12/12 MP: 3/3
     0 | D:1      | 0 ||| qw: Version: 0.3-a-9-g12657ce
     0 | D:1      | 0 ||| qw: Game counter: 3431
     0 | D:1      | 0 ||| qw: Always use a shield: true
     0 | D:1      | 0 ||| qw: God list: Okawaru
     0 | D:1      | 0 ||| qw: Allow faded altars: false
     0 | D:1      | 0 ||| qw: Do Orc after D:15 true
     0 | D:1      | 0 ||| qw: Do second Lair branch before Depths: true
     0 | D:1      | 0 ||| qw: Lair rune preference: random
     0 | D:1      | 0 ||| qw: Plans: Normal
     0 | D:1      | 0 ||| PLANNING D:1-11
   243 | D:1      | Reached XP level 2. HP: 11/16 MP: 4/4
   323 | D:1      | Reached skill level 6 in Ranged Weapons
   792 | D:1      | 792 ||| READING scroll labelled ECAOTH YRUV.
   823 | D:1      | 823 ||| READING 2 scrolls labelled DOPTASE RAUTEKK.
   824 | D:1      | 824 ||| READING scroll labelled LAUMIZ QAEPSEUSON.
   825 | D:1      | 825 ||| READING 3 scrolls labelled WEF SIUNWU.
   826 | D:1      | 826 ||| READING scroll labelled BAABBO GOXOHURGH.
   827 | D:1      | 827 ||| DRINKING 2 coppery potions.
   828 | D:1      | 828 ||| DROPPING scroll of butterflies.
   829 | D:1      | 829 ||| DROPPING 2 scrolls of amnesia.
  1007 | D:2      | HP: 1/16 [worm (9)]
  1008 | D:2      | 1008 ||| DRINKING potion of heal wounds.
  1014 | D:2      | HP: 3/16 [worm (6)]
  1014 | D:2      | Slain by an adder

Levels and vault maps discovered:
D:1:      minmay_arrival_checkered_box, layout_loops_corners
D:2:      cheibrodos_fertilizer, layout_loops_ring, nicolae_titane, uniq_jessica

Skill      XL: |  1  2 |
---------------+-------+-----
Ranged Weapons | 6 |  6.5
Fighting       | |  1.5
Dodging        | |  2.4
Stealth        | |  1.2

Action                     || total
---------------------------++-------
   Fire: Shortbow          ||    62
    Use: Scroll            ||     5
         Potion            ||     2
 Armour: Leather armour    ||     7
  Dodge: Dodged            ||    25

Table legend:
 A = Non-vault XP
 B = Vault XP
 C = Vault XP percentage of total XP
 D = Non-vault monster count
 E = Vault monster count
 F = Vault count percentage of total count
                 A         B        C        D         E       F
            +---------+---------+-------+---------+---------+-------
      Total |      36 |       0 |   0.0 |      20 |       0 |   0.0
            +---------+---------+-------+---------+---------+-------
        D:1 |      24 |       0 |   0.0 |      15 |       0 |   0.0
        D:2 |      12 |       0 |   0.0 |       5 |       0 |   0.0
            +---------+---------+-------+---------+---------+-------
